 Dungeon Crawl Stone Soup version 0.30.0-29-ga12c61a403 (webtiles) character file.

Game seed: 2120021135704932504

757325 LustLizard the Petrodigitator (level 27, -1/186 HPs)
             Began as a Gargoyle Earth Elementalist on June 25, 2023.
             Was the Champion of Makhleb.
             Slain by an apis (6 damage)
             ... in Pandemonium on June 26, 2023.
             The game lasted 05:09:00 (131708 turns).

LustLizard the Petrodigitator (GrEE)              Turns: 131708, Time: 05:09:00

Health: -1/186     AC: 54    Str: 15    XL:     27
Magic:  10/55      EV: 11    Int: 27    God:    Makhleb [******]
Gold:   5055       SH: 17    Dex:  8    Spells: 11/64 levels left

rFire   + + +        k - +6 broad axe (elec)
rCold   + . .        P - +5 kite shield {reflect}
rNeg    + + +        a - +5 scale mail of the Salamander {rPois rF+++ rN++}
rPois   ∞            I - +1 helmet of Follow the Leader {rF++ Regen+ Int+2}
rElec   +            L - scarf of Prudence {shadows, +Blink rPois rF+ MP+9}
rCorr   +            s - +3 pair of gauntlets of War {Slay+5}
SInv    +            V - +2 pair of boots {Stlth+}
Will    +++..        o - amulet "Civik" {Drain +Blink Regen+ rCorr Slay-3}
Stlth   ++           B - ring of Elitism {rC+ Will+ SInv}
HPRegen 2.11/turn    T - ring of the Tortoise {AC+8}
MPRegen 0.34/turn

%: reflection, clarity
@: flying, very slightly contaminated, glowing, studying 3 skills
A: sickness immunity, AC +20, big wings, negative energy resistance 1,
electricity resistance, torment resistance 1, petrification resistance, clarity,
clumsy 1, deterioration 1, dopey 1
}: 6/15 runes: serpentine, barnacled, slimy, silver, abyssal, demonic
a: Renounce Religion, Evoke Blink, Minor Destruction, Lesser Servant of Makhleb,
Major Destruction, Greater Servant of Makhleb


You were in Pandemonium.
You worshipped Makhleb.
Makhleb was exalted by your worship.
You visited 11 branches of the dungeon, and saw 55 of its levels.
You visited Pandemonium 1 time, and saw 8 of its levels.
You visited the Abyss 2 times.
You also visited: Trove, Gauntlet, Ice Cave, Volcano and Wizlab.

You collected 11941 gold pieces.
You spent 6886 gold pieces at shops.

Inventory:

Hand Weapons
 k - a +6 broad axe of electrocution (weapon)
Armour
 a - the +5 scale mail of the Salamander (worn) {rPois rF+++ rN++}
   (You bought it in a shop on level 1 of the Shoals)

   rF:        It renders you almost immune to fire.
   rPois:     It protects you from poison.
   rN:        It greatly protects you from negative energy.
 p - the scarf of Sitoosuo {repulsion, rF++}
   (You found it in a treasure trove)

   rF:        It greatly protects you from fire.
 s - the +3 pair of gauntlets of War (worn) {Slay+5}
   (You found it in a treasure trove)

   Slay:      It affects your accuracy & damage with ranged weapons and melee
   (+5).
 I - the +1 helmet of Follow the Leader (worn) {rF++ Regen+ Int+2}
   (You found it on level 1 of the Crypt)

   Int:       It affects your intelligence (+2).
   rF:        It greatly protects you from fire.
   Regen:     It increases your rate of health regeneration.
 L - the scarf of Prudence (worn) {shadows, +Blink rPois rF+ MP+9}
   (You found it in Pandemonium)

   rF:        It protects you from fire.
   rPois:     It protects you from poison.
   MP:        It affects your magic capacity (+9).
   +Blink:    It lets you blink.
 P - a +5 kite shield of reflection (worn)
 V - a +2 pair of boots of stealth (worn)
Jewellery
 e - the amulet of Secrets {Reflect rPois SH+5}
   (You found it in a Gauntlet)

   [amulet of reflection]

   It reflects blocked missile attacks.
   rPois:     It protects you from poison.
   SH:        It affects your SH (+5).
 f - the ring of Shadows {Umbra +Inv Stlth+}
   (You took it off a yaktaur captain on level 5 of the Vaults)

   [ring of stealth]

   Umbra:     It surrounds you with an aura of shadow, increasing your stealth
   and reducing the accuracy of all others within it.
   +Inv:      It lets you turn invisible.
   Stlth:     It makes you more stealthy.
 i - the ring of the Hare {EV+10}
   (You found it on level 4 of the Shoals)

   [ring of evasion]

   EV:        It affects your evasion (+10).
 o - the amulet "Civik" (around neck) {Drain +Blink Regen+ rCorr Slay-3}
   (You found it on level 4 of the Dungeon)

   [amulet of regeneration]

   Slay:      It affects your accuracy & damage with ranged weapons and melee
   (-3).
   +Blink:    It lets you blink.
   Regen:     It increases your rate of health regeneration.
   rCorr:     It protects you from acid and corrosion.
   Drain:     It drains your maximum health when unequipped.
 t - the ring "Athriom" {rF+ Will+ Str+3}
   (You found it on level 1 of the Lair of Beasts)

   [ring of protection from fire]

   Str:       It affects your strength (+3).
   rF:        It protects you from fire.
   Will:      It increases your willpower.
 v - the ring "Piral" {Contam rN+ EV+5 SInv}
   (You took it off an ironbound preserver on level 5 of the Vaults)

   [ring of evasion]

   EV:        It affects your evasion (+5).
   rN:        It protects you from negative energy.
   SInv:      It lets you see invisible.
   Contam:    It causes magical contamination when unequipped.
 A - the ring of Veal {Int+6 Slay+3}
   (You found it in a wizard's laboratory)

   [ring of intelligence]

   Int:       It affects your intelligence (+6).
   Slay:      It affects your accuracy & damage with ranged weapons and melee
   (+3).
 B - the ring of Elitism (left hand) {rC+ Will+ SInv}
   (You found it in a wizard's laboratory)

   [ring of protection from cold]

   rC:        It protects you from cold.
   SInv:      It lets you see invisible.
   Will:      It increases your willpower.
 S - the amulet "Cotwub" {Reflect rCorr SH+5}
   (You found it on level 5 of the Pits of Slime)

   [amulet of reflection]

   It reflects blocked missile attacks.
   rCorr:     It protects you from acid and corrosion.
   SH:        It affects your SH (+5).
 T - the ring of the Tortoise (right hand) {AC+8}
   (You took it off a yaktaur on level 5 of the Vaults)

   [ring of protection]

   AC:        It affects your AC (+8).
 U - a ring of protection from cold
 Z - the ring of Sif Muna's Outrage {rF- Will++ Int+6}
   (You acquired it on level 2 of the Shoals)

   [ring of intelligence]

   Int:       It affects your intelligence (+6).
   rF:        It makes you vulnerable to fire.
   Will:      It greatly increases your willpower.
Wands
 m - a wand of flame (104)
 z - a wand of digging (40)
 D - a wand of charming (93)
 H - a wand of quicksilver (46)
 K - a wand of polymorph (45)
 N - a wand of roots (98)
 R - a wand of mindburst (61)
Scrolls
 d - 9 scrolls of amnesia
 g - 8 scrolls of poison
 h - 3 scrolls of blinking
 n - 9 scrolls of fear
 q - 9 scrolls of enchant armour
 y - 18 scrolls of immolation
 C - 13 scrolls of fog
 G - 18 scrolls of teleportation
 O - 6 scrolls of magic mapping
 Y - a scroll of enchant weapon
Potions
 b - 4 potions of magic
 j - 8 potions of curing
 l - 14 potions of cancellation
 r - 8 potions of brilliance
 w - 17 potions of mutation
 x - 3 potions of invisibility
 F - 5 potions of haste
 J - 10 potions of berserk rage
 M - 12 potions of might
 Q - 6 potions of ambrosia
 W - 4 potions of resistance
Miscellaneous
 u - a lightning rod (3/4)
 E - a phial of floods


   Skills:
 + Level 22.4 Fighting
 * Level 16.1 Axes
 - Level 6.0 Staves
 - Level 12.8 Armour
 - Level 10.3 Dodging
 + Level 12.8 Stealth
 - Level 15.0 Shields
 + Level 19.4 Spellcasting
 + Level 21.8 Conjurations
 - Level 6.0 Translocations
 - Level 5.2 Transmutations
 - Level 8.0 Fire Magic
 - Level 2.0 Air Magic
 O Level 27 Earth Magic
 - Level 10.0 Poison Magic
 - Level 18.5 Invocations
 - Level 10.0 Evocations


You had 11 spell levels left.
You knew the following spells:

 Your Spells              Type           Power      Damage    Failure   Level
a - Sandblast             Erth           100%       2d20      0%          1
b - Stone Arrow           Conj/Erth      100%       3d13      0%          3
c - Poisonous Vapours     Pois/Air       100%       N/A       1%          2
d - Olgreb's Toxic Radia  Pois           69%        N/A       1%          4
e - Iron Shot             Conj/Erth      51%        9d10      1%          6
f - Ignite Poison         Fire/Tmut/Pois 62%        N/A       1%          3
g - Lehudib's Crystal Sp  Conj/Erth      51%        10d12     2%          8
h - Lee's Rapid Deconstr  Erth           53%        3d25*     0%          5
i - Blink                 Tloc           100%       N/A       1%          2
j - Fireball              Conj/Fire      41%        3d17      1%          5
k - Shatter               Erth           53%        3d40*     12%         9
l - Irradiate             Conj/Tmut      39%        3d24      1%          5

Your spell library contained the following spells:

 Spells                   Type           Power      Damage    Failure   Level
 Magic Dart               Conj           100%       1d8       0%          1
 Passwall                 Tmut/Erth      70%        N/A       0%          2
 Apportation              Tloc           100%       N/A       1%          1
 Beastly Appendage        Tmut           100%       N/A       1%          1
 Foxfire                  Conj/Fire      100%       2x1d9     1%          1
 Sting                    Tmut/Pois      100%       1d8       1%          1
 Lesser Beckoning         Tloc           100%       N/A       1%          2
 Momentum Strike          Conj/Tloc      100%       3d10      1%          2
 Scorch                   Fire           100%       2d9       1%          2
 Static Discharge         Conj/Air       100%       2-7/arc   1%          2
 Wereblood                Tmut           53%        N/A       1%          2
 Dazzling Flash           Conj/Hex       100%       N/A       1%          3
 Hailstorm                Conj/Ice       71%        3d15      1%          3
 Mephitic Cloud           Conj/Pois/Air  72%        N/A       1%          3
 Spider Form              Tmut/Pois      61%        N/A       1%          3
 Volatile Blastmotes      Fire/Tloc      100%       2d18      1%          3
 Animate Armour           Summ/Erth      100%       N/A       1%          4
 Flame Wave               Conj/Fire      82%        2d18      1%          4
 Iskenderun's Mystic Bla  Conj/Tloc      79%        2d16      1%          4
 Leda's Liquefaction      Hex/Erth       39%        N/A       1%          4
 Petrify                  Tmut/Erth      85%        N/A       1%          4
 Sticky Flame             Conj/Fire      82%        2d9       1%          4
 Arcjolt                  Conj/Air       37%        1d47      1%          5
 Borgnjor's Vile Clutch   Necr/Erth      39%        N/A       1%          5
 Iskenderun's Battlesphe  Conj           97%        2d14      1%          5
 Starburst                Conj/Fire      41%        6d12      2%          6
 Inner Flame              Hex/Fire       47%        N/A       4%          3
 Vhi's Electric Charge    Tloc/Air       94%        N/A       4%          3
 Manifold Assault         Tloc           56%        N/A       7%          4
 Freeze                   Ice            100%       1d10      8%          1
 Necrotise                Necr           100%       1d9       8%          1
 Summon Small Mammal      Summ           100%       N/A       8%          1
 Freezing Cloud           Conj/Ice/Air   31%        6-21      9%          5
 Alistair's Intoxication  Tmut/Pois      40%        N/A       10%         5
 Swiftness                Air            37%        N/A       11%         3
 Call Imp                 Summ           52%        N/A       12%         2
 Ensorcelled Hibernation  Hex/Ice        52%        N/A       12%         2
 Frozen Ramparts          Ice            52%        1d8       24%         3
 Ozocubu's Armour         Ice            26%        N/A       24%         3
 Vampiric Draining        Necr           26%        2d7       24%         3
 Ice Form                 Ice/Tmut       40%        N/A       26%         4
 Blade Hands              Tmut           26%        N/A       26%         5
 Airstrike                Air            18%        2d(3-19)  34%         4
 Summon Lightning Spire   Summ/Air       31%        N/A       45%         4
 Eringya's Noxious Bog    Tmut/Pois      30%        N/A       47%         6
 Summon Forest            Summ/Tloc      21%        N/A       54%         5
 Spellforged Servitor     Conj/Summ      35%        N/A       58%         7
 Anguish                  Hex/Necr       13%        N/A       61%         4
 Cause Fear               Hex            13%        N/A       61%         4
 Dispel Undead            Necr           26%        3d13      61%         4
 Summon Ice Beast         Ice/Summ       26%        N/A       61%         4
 Dispersal                Tloc           28%        N/A       71%         6
 Silence                  Hex/Air        15%        N/A       82%         5
 Plasma Beam              Fire/Air       26%        2x1d42    83%         6
 Agony                    Necr           26%        N/A       91%         5
 Metabolic Englaciation   Hex/Ice        13%        N/A       91%         5
 Summon Mana Viper        Hex/Summ       26%        N/A       91%         5
 Death Channel            Necr           13%        N/A       100%        6
 Simulacrum               Ice/Necr       13%        N/A       100%        6
 Summon Cactus Giant      Summ           13%        N/A       100%        6
 Dragon Form              Tmut           26%        N/A       100%        7
 Haunt                    Necr/Summ      13%        N/A       100%        7
 Storm Form               Tmut/Air       22%        N/A       100%        7
 Summon Hydra             Summ           13%        N/A       100%        7
 Disjunction              Tloc           28%        N/A       100%        8
 Ignition                 Fire           31%        3d10      100%        8
 Infestation              Necr           13%        N/A       100%        8
 Maxwell's Capacitive Co  Air            18%        ∞         100%        8
 Necromutation            Tmut/Necr      20%        N/A       100%        8
 Chain Lightning          Conj/Air       37%        3d49      100%        9
 Dragon's Call            Summ           13%        N/A       100%        9
 Fire Storm               Conj/Fire      41%        8d10      100%        9
 Polar Vortex             Ice            13%        N/A       100%        9
 Statue Form              Tmut/Erth      Unusable   N/A       N/A         6
 Cigotuvi's Dreadful Rot  Necr/Pois/Air  Unusable   N/A       N/A         2

Dungeon Overview and Level Annotations

Branches:
Dungeon (15/15)            Temple (0/1) D:7            Lair (5/5) D:10
 Shoals (4/4) Lair:3        Snake (4/4) Lair:3        Slime (5/5) Lair:4
    Orc (2/2) D:9             Elf (3/3) Orc:2        Vaults (5/5) D:14
  Crypt (3/3) Vaults:3       Tomb (0/3) Crypt:3      Depths (4/4) D:15
    Zot (5/5) Depths:4      IceCv (visited)         Volcano (visited)
 WizLab (visited)         Gauntlet (visited)

Altars:
Ashenzari
Elyvilon
Gozag
Hepliaklqana
Kikubaaqudgha
Makhleb
Okawaru
Sif Muna
Trog
Vehumet
Wu Jian
Yredelemnul
Zin
The Shining One
Jiyva
Lugonu

Shops:
D:1 (   D:2 ?   D:3 !   D:6 (   D:10 !*?   Orc:2 (**:   Elf:1 *
Shoals:1 *![!:   Snake:2 *   Depths:1 [   Depths:3 *[((

Portals:
Hell: Depths:1 Depths:2 Depths:3 Depths:4
Abyss: Depths:2 Depths:3 Depths:4
Pandemonium: Depths:1 Depths:2 Depths:4
Ziggurat: Depths:2

Annotations:
D:10 1 transporter
Snake:3 1 transporter
Crypt:1 Voydouki's ghost, veteran MiGl
Zot:1 1 runed translucent door, cheesebisquit's ghost, master DjHW


Innate Abilities, Weirdness & Mutations

You are immune to sickness and miasma.
Your stone body is resilient. (AC +20)
You are immune to poison.
Your large and strong wings let you fly.
You resist negative energy. (rN+)
You are resistant to electric shocks. (rElec)
You are resistant to unholy torment.
You are immune to petrification.
You possess an exceptional clarity of mind.
You are clumsy. (Dex -2)
Your body sometimes deteriorates upon taking damage.
You are dopey. (Int -2)


Message History

You block the apis's attack.
You completely miss the apis.
The apis is heavily wounded.
The daeva blocks your attack. The daeva hits you but does no damage.
You block the daeva's attack. You block the apis's attack.
Unknown command.
You slash the apis!
The apis is heavily wounded.
You slash the daeva! The daeva hits you but does no damage.
The daeva hits you with a +5 long sword of holy wrath.
* * * LOW HITPOINT WARNING * * *
Unknown command.
You hit the apis but do no damage.
The apis is heavily wounded.
The daeva blocks your attack. The apis gores you but does no damage.
The daeva barely misses you. The daeva hits you but does no damage.
Unknown command.
You hit the apis.
The apis is heavily wounded.
The daeva blocks your attack. You block the apis's attack.
The daeva calls down the wrath of the Shining One upon you.
The Shining One smites you!
* * * LOW HITPOINT WARNING * * *
Unknown command.
You slash the apis!
The apis is severely wounded.
The daeva blocks your attack.
You closely miss the angel. The angel hits you but does no damage.
The angel hits you with a +3 sacred scourge of holy wrath.
* * * LOW HITPOINT WARNING * * *
The apis gores you but does no damage. You block the angel's attack.
The angel hits you but does no damage.
You hit the apis.
The apis is severely wounded.
The daeva blocks your attack.
You hit the angel but do no damage.
The daeva calls down the wrath of the Shining One upon you.
The Shining One smites you!
* * * LOW HITPOINT WARNING * * *
You block the angel's attack. x2; The apis gores you.
You die...

## ##.##
##....##
#......#
.......###
...≈≈.†..####.
...≈≈≈Y...'...
≈....A@...###.
≈≈...A..###
≈≈....###
≈≈≈### ≈≈≈ ≈#


You could see an apis, a daeva and an angel.

Vanquished Creatures
  8 dread liches
  9 orbs of fire
  6 ancient liches
  2 pandemonium lords (Pan)
  Boris (Vaults:5)
  Vv (Zot:1)
  Bai Suzhen (Crypt:1)
  4 Killer Klowns
  Xtahua (Vaults:4)
  Vashnia (Snake:4)
  A curse toe (Zot:4)
  Margery (Depths:4)
  A caustic shrike (Depths:2)
  11 golden dragons
  5 electric golems
  5 Brimstone Fiends (Pan)
  5 bone dragons
  2 hellephants
  A walking crystal tome (Depths:2)
  Rupert (D:15)
  13 tentacled monstrosities
  25 Orb Guardians
  A walking earthen tome (Depths:3)
  3 Hell Sentinels
  8 quicksilver dragons
  Mlioglotl (Snake:2)
  7 liches
  2 Ice Fiends (Pan)
  2 deep elf blademasters (Elf:3)
  4 titans (Vaults:5)
  A moon troll (WizLab)
  Asterion (Depths:2)
  A deep elf master archer (Elf:3)
  A walking frostbound tome (Depths:3)
  The ghost of AgateBread the Brawler, an adept TrFi of Gozag (Shoals:1)
  A kraken (Shoals:2)
  21 acid blobs
  8 Executioners (Pan)
  7 ancient champions
  A sphinx (Vaults:1)
  Frances (Lair:3)
  Donald (Orc:2)
  Agnes (D:15)
  12 shadow dragons
  8 tentacled starspawn
  6 death cobs
  Kirke (Snake:1)
  4 revenants
  Ilsuiw (Shoals:2)
  8 nagarajas
  A thorn hunter (Abyss:4)
  A tengu reaver (Vaults:4)
  19 storm dragons
  9 rockslimes
  5 daevas (Pan)
  13 fire giants
  The ghost of mif the Severer, a journeyman MiBe of Trog (Snake:3)
  5 draconian monks
  12 azure jellies
  11 deep elf sorcerers
  7 demonspawn warmongers (Pan)
  4 draconian shifters
  2 draconian knights
  A fire giant (shapeshifter) (Vaults:5)
  17 vault wardens
  Louise (D:15)
  19 frost giants
  7 draconian scorchers
  11 ghost moths
  2 iron dragons (Zot:4)
  7 balrugs
  4 cacodemons
  3 orc warlords
  4 angels (Pan)
  A deep elf elementalist (Elf:3)
  4 ghouls
  2 curse skulls
  14 reapers (Pan)
  6 spriggan defenders
  5 draconian annihilators
  3 war gargoyles
  19 ironbound preservers
  7 draconian stormcallers
  The ghost of wesleywilliam the Warrior, a journeyman MiBe of Trog (Lair:1)
  4 demonspawn corrupters (Pan)
  24 stone giants
  5 ironbound thunderhulks
  5 demonspawn blood saints (Pan)
  25 very ugly things
  4 ophanim (Pan)
  5 apis (Pan)
  10 quicksilver oozes
  9 green draconians
  3 demonspawn black suns (Pan)
  4 vampire knights
  5 deep elf demonologists
  6 deep elf annihilators
  8 black draconians
  12 red draconians
  3 spark wasps
  6 lorocyprocas
  A minotaur (Gauntlet)
  7 yellow draconians
  14 purple draconians
  7 dire elephants
  9 white draconians
  4 eidola
  8 merfolk impalers
  A crystal guardian (WizLab)
  7 merfolk javelineers
  16 ettins
  A blizzard demon (Pan)
  3 green deaths (Pan)
  2 jiangshi (Crypt:1)
  An entropy weaver (shapeshifter) (Elf:1)
  12 fire dragons
  A spriggan zombie (Crypt:1)
  A quicksilver dragon zombie (Crypt:1)
  13 deep elf death magi
  2 entropy weavers
  The ghost of rundlesten the Severer, a journeyman MiBe of Trog (D:10)
  Josephine (Lair:5)
  10 deep elf high priests
  Harold (Orc:1)
  21 yaktaur captains
  6 ice dragons
  23 great orbs of eyes
  A juggernaut simulacrum (Pan)
  5 spriggan air magi (Depths:2)
  3 hell beasts
  A quicksilver dragon skeleton (Depths:2)
  A peacekeeper (Vaults:2)
  35 vault guards
  3 hydras
  2 rakshasas (Depths:3)
  3 salamander tyrants
  4 merfolk avatars
  7 ogre magi
  A catoblepas (shapeshifter) (Vaults:5)
  32 dancing weapons
  14 centaur warriors
  5 satyrs
  13 death yaks
  8 ironbound frosthearts
  5 merfolk aquamancers
  5 deep troll shamans
  2 two-headed ogres
  5 anacondas
  3 boulder beetles
  6 alligator snapping turtles (Shoals:4)
  A death knight (Crypt:2)
  4 orc high priests
  14 thrashing horrors
  18 naga warriors
  7 spriggan berserkers
  A hell hog (Abyss:4)
  15 naga sharpshooters
  9 tengu warriors
  3 deep troll earth magi
  5 vampire magi
  9 soul eaters
  35 sun demons
  5 hell knights
  A salamander mystic (Depths:2)
  6 wretched stars
  25 deep elf knights
  2 sixfirhies (Pan)
  5 shock serpents
  5 spriggans
  A spectral death yak (Lair:5)
  2 shadow wraiths
  A cherub (Pan)
  4 skysharks
  24 skeletal warriors
  4 iron trolls
  A goliath frog (shapeshifter) (Vaults:5)
  A flayed ghost (Crypt:3)
  A storm dragon skeleton (Crypt:1)
  A spatial maelstrom (Abyss:4)
  A spectral anaconda (Lair:5)
  A deep troll (shapeshifter) (Elf:3)
  The ghost of BillyBaka the Poker, a novice OgGl of Gozag (D:7)
  6 glowing orange brains
  An orb spider (shapeshifter) (Elf:3)
  A spriggan druid (Elf:3)
  9 sea snakes
  An anaconda skeleton (Crypt:1)
  38 deep trolls
  2 orb spiders
  A bunyip zombie (Crypt:1)
  2 shadow dragon zombies
  15 deep elf archers
  2 orange crystal statues
  34 deep elf pyromancers
  8 wizards
  An obsidian statue (Lair:5)
  4 naga ritualists
  26 ironbound convokers
  9 lindwurms
  20 necromancers
  15 orc knights
  2 shadow demons (Pan)
  6 phantasmal warriors
  30 deep elf zephyrmancers
  31 harpies
  12 fauns
  A shadow dragon skeleton (Crypt:1)
  6 mana vipers
  3 orc sorcerers
  A cyclops (shapeshifter) (Abyss:4)
  41 starcursed masses
  3 cyclopes
  52 ugly things
  2 will-o-the-wisps (Abyss:4)
  2 worldbinders (Abyss:4)
  An oklob plant (D:7)
  6 shining eyes
  33 black mambas
  25 moths of wrath
  15 salamanders
  2 tengu skeletons
  7 merfolk sirens
  15 manticores
  3 rust devils
  Joseph (Lair:1)
  12 demonic crawlers
  13 naga magi
  21 elephants
  3 stone giant skeletons
  3 elf zombies
  2 dire elephant zombies (Lair:5)
  18 cane toads
  4 human skeletons
  4 guardian serpents
  A fire giant skeleton (Crypt:1)
  3 water nymphs
  4 apocalypse crabs
  11 eyes of devastation
  5 orange demons
  29 smoke demons
  17 vault sentinels
  2 ice statues (IceCv)
  A torpor snail (shapeshifter) (Depths:2)
  A centaur skeleton (Crypt:1)
  2 elf skeletons (Vaults:2)
  2 hellions
  3 unseen horrors
  A yaktaur zombie (Vaults:5)
  An unseen horror zombie (Crypt:2)
  4 komodo dragons
  2 kobold demonologists
  5 freezing wraiths
  4 ice devils
  22 yaktaurs
  An anaconda simulacrum (Crypt:1)
  An orb spider zombie (Crypt:2)
  An unseen horror skeleton (Crypt:2)
  A minotaur skeleton (Crypt:1)
  8 rime drakes
  A tormentor (Pan)
  9 tengu conjurers
  A purple draconian skeleton (Crypt:1)
  2 efreet
  A guardian mummy (Zot:4)
  A catoblepas skeleton (Crypt:1)
  5 polar bears
  24 merfolk
  2 ancient zymes (Abyss:4)
  6 red devils
  6 hellwings
  A tengu simulacrum (Depths:2)
  A merfolk (shapeshifter) (Depths:3)
  23 large abominations
  A harpy zombie (Crypt:2)
  A wolf spider simulacrum (D:14)
  A tarantella (shapeshifter) (Depths:2)
  2 tarantellas (Zot:2)
  5 trolls
  9 wind drakes
  11 hornets
  15 raiju (Abyss:4)
  A harpy skeleton (Crypt:1)
  A moth of wrath zombie (Crypt:3)
  A frost giant simulacrum (Vaults:2)
  A culicivora zombie (Crypt:3)
  64 slime creatures
  19 blink frogs
  13 dream sheep
  10 snapping turtles
  3 jumping spiders
  An ice dragon zombie (Crypt:3)
  2 ettin skeletons
  An ettin zombie (Crypt:1)
  An ice dragon skeleton (Crypt:1)
  20 ynoxinuls
  4 flying skulls
  4 air elementals
  A spriggan (shapeshifter) (Depths:3)
  8 wraiths
  3 vampires
  2 black mamba zombies
  8 wyverns
  3 fire bats (Abyss:3)
  17 water elementals
  A shadow (Abyss:4)
  47 yaks
  9 humans (D:14)
  A wind drake zombie (Crypt:3)
  2 basilisks
  2 hogs (Snake:1)
  7 neqoxecs
  11 golden eyes
  11 fire elementals
  A redback (shapeshifter) (Vaults:5)
  A human simulacrum (Vaults:1)
  A death yak simulacrum (Lair:5)
  3 steam dragons
  9 vampire mosquitoes
  8 chaos spawn (Pan)
  4 redbacks
  A warg (Orc:2)
  41 nagas
  A harpy simulacrum (Crypt:1)
  3 acid dragons
  5 hell hounds
  An entropy weaver zombie (Crypt:2)
  3 floating eyes
  14 water moccasins
  A glowing shapeshifter skeleton (Vaults:1)
  A hornet zombie (Crypt:3)
  A lindwurm zombie (Crypt:1)
  A naga skeleton (Crypt:1)
  3 ice beasts
  A sky beast (D:7)
  22 orc warriors
  An elephant zombie (Lair:5)
  An ettin simulacrum (Vaults:1)
  2 black bears
  A black mamba simulacrum (Crypt:1)
  A swamp dragon zombie (Crypt:1)
  18 wolves
  The ghost of cheesebisquit the Magician, an amateur DjFE (D:3)
  A lindwurm skeleton (Crypt:3)
  5 ogres
  10 centaurs
  2 phantoms
  2 elephant skeletons (Lair:5)
  6 kobold brigands
  A manticore skeleton (Crypt:3)
  A human zombie (Vaults:5)
  7 small abominations (Abyss:3)
  A rime drake skeleton (Crypt:3)
  9 bullfrogs
  A salamander skeleton (Crypt:2)
  2 necrophages (Crypt:3)
  A scorpion (D:4)
  3 earth elementals
  4 killer bees (D:9)
  4 lindwurm simulacra (IceCv)
  A howler monkey (D:12)
  A crimson imp (D:12)
  7 hounds
  A quasit (Abyss:4)
  Crazy Yiuf (D:2)
  An iron imp (Abyss:4)
  4 jellies
  6 komodo dragon simulacra (IceCv)
  21 orc priests
  A gnoll bouda (D:4)
  7 iguanas
  2 sleepcaps
  Terence (D:2)
  30 orc wizards
  A hound skeleton (Crypt:2)
  4 gnolls (D:8)
  2 steam dragon zombies
  A swamp drake zombie (Crypt:1)
  6 acid dragon simulacra (IceCv)
  11 adders
  3 shadow imps
  2 white imps
  5 steam dragon simulacra (IceCv)
  3 ufetubi
  2 worms
  A dart slug (D:2)
  77 orcs
  6 ball pythons
  2 bat zombies
  16 endoplasms
  2 giant cockroaches
  5 goblins
  9 hobgoblins
  13 jackals
  4 kobolds
  4 quokkas
  A river rat zombie (Crypt:1)
  2 bats (D:1)
  A frilled lizard (D:2)
  A goblin skeleton (Crypt:1)
  5 rats
  A rat zombie (D:6)
  10 starspawn tentacles
  A tentacle (Shoals:2)
2745 creatures vanquished.

Vanquished Creatures (collateral kills)
  the Royal Jelly (Slime:5)
  A Brimstone Fiend (Pan)
  A Tzitzimitl (Pan)
  A Hell Sentinel (Pan)
  A tentacled starspawn (Abyss:4)
  A tengu reaver (Vaults:5)
  A shadow dragon (Vaults:5)
  A vault warden (Vaults:5)
  A demonspawn blood saint (Pan)
  A quicksilver ooze (Slime:5)
  A deep elf annihilator (Elf:3)
  3 blizzard demons (Pan)
  A merfolk impaler (Shoals:4)
  An ettin (Vaults:5)
  2 entropy weavers
  A yaktaur captain (Vaults:5)
  2 thrashing horrors (Abyss:4)
  A sun demon (Pan)
  A wretched star (Abyss:4)
  A sixfirhy (Pan)
  3 deep trolls (Vaults:5)
  An ironbound convoker (Vaults:5)
  A worldbinder (Abyss:4)
  2 polar bears (D:13)
  A yak (D:13)
  2 ynoxinuls (Pan)
  5 starcursed masses (Abyss:4)
  A water elemental (Shoals:4)
  A warg (Orc:2)
  2 orc warriors (Orc:2)
  An earth elemental (Elf:3)
  An orc priest (Orc:2)
  4 orcs (Orc:2)
49 creatures vanquished.

Vanquished Creatures (others)
  A fire giant (Depths:4)
  A demonspawn corrupter (Pan)
  A green draconian (Zot:2)
  A green death (Pan)
  An entropy weaver (Abyss:4)
  A sun demon (Pan)
  A harpy (Shoals:2)
  2 deep elf pyromancers
  A black mamba (Snake:2)
  A smoke demon (Pan)
  A ynoxinul (Abyss:4)
  A wraith (Abyss:4)
  A water elemental (Elf:2)
  A human (Snake:1)
  A naga (Snake:1)
  An orc warrior (Orc:2)
  An ice beast (D:7)
  A jelly (Abyss:3)
  An orc wizard (D:4)
  6 foxfires (Abyss:4)
  2 lurking horrors (Abyss:4)
  23 starspawn tentacles
  3 tentacles (Shoals:2)
54 creatures vanquished.

Grand Total: 2848 creatures vanquished

Notes
Turn   | Place    | Note
-------+----------+-------------------------------------------
     0 | D:1      | LustLizard the Gargoyle Earth Elementalist began the quest
                  | for the Orb.
     0 | D:1      | Reached XP level 1. HP: 10/10 MP: 3/3
   603 | D:1      | Reached XP level 2. HP: 16/16 MP: 0/5
   608 | D:1      | Reached skill level 4 in Earth Magic
   814 | D:1      | Reached skill level 1 in Fighting
   833 | D:1      | Reached XP level 3. HP: 20/20 MP: 1/6
  1154 | D:1      | Found Monet's Antique Weapon Shoppe.
  1532 | D:2      | Found a faded altar of an unknown god.
  1587 | D:2      | Noticed Terence
  1607 | D:2      | Killed Terence
  1608 | D:2      | Reached XP level 4. HP: 5/25 MP: 0/7
  2202 | D:2      | Found Estrevvyd's Magic Scroll Boutique.
  2229 | D:2      | Bought a scroll of poison for 40 gold pieces
  2234 | D:2      | Learned a level 3 spell: Stone Arrow
  2268 | D:2      | You fall into a shaft and drop 1 floor!
  2411 | D:2      | Found a runed translucent door.
  2412 | D:2      | Noticed Crazy Yiuf
  2715 | D:3      | Reached skill level 5 in Earth Magic
  2715 | D:3      | Reached XP level 5. HP: 30/30 MP: 3/9
  2843 | D:3      | Found a transporter.
  2845 | D:3      | Noticed cheesebisquit's ghost (amateur DjFE)
  2846 | D:3      | Found a transporter.
  2846 | D:3      | Identified the +4 great mace of Blood-Lust {venom, rElec
                  | Str+2}
  2846 | D:3      | Noticed an ogre
  2847 | D:3      | Noticed an ogre
  2878 | D:3      | Reached skill level 1 in Conjurations
  3265 | D:3      | Identified the +4 dagger of Zudaw {flame, *Corrode rPois
                  | Int+2 Stlth+}
  3296 | D:3      | Found Fioly's Distillery.
  3302 | D:3      | Bought a potion of heal wounds for 70 gold pieces
  3463 | D:3      | Learned a level 2 spell: Poisonous Vapours
  3700 | D:4      | Reached XP level 6. HP: 35/35 MP: 6/10
  3744 | D:4      | Reached skill level 1 in Poison Magic
  4104 | D:4      | Identified the amulet "Civik" {Drain +Blink Regen+ rCorr
                  | Slay-3}
  4256 | D:4      | Reached XP level 7. HP: 40/40 MP: 6/11
  4413 | D:4      | Found a bloodstained altar of Trog.
  4486 | D:4      | Reached skill level 1 in Air Magic
  4486 | D:4      | Reached skill level 6 in Earth Magic
  4859 | D:5      | Entered Level 5 of the Dungeon
  5106 | D:5      | Found a shimmering blue altar of Sif Muna.
  5182 | D:5      | Reached XP level 8. HP: 42/46 MP: 3/13
  5900 | D:5      | Reached skill level 7 in Earth Magic
  6552 | D:6      | Found an ancient bone altar of Kikubaaqudgha.
  6859 | D:6      | Reached skill level 5 in Conjurations
  6923 | D:6      | Found an opulent altar of Gozag.
  6977 | D:6      | Reached XP level 9. HP: 52/52 MP: 11/15
  7009 | D:6      | Found a glowing golden altar of the Shining One.
  7343 | D:6      | Reached skill level 8 in Earth Magic
  7635 | D:6      | Found Fahuzijy's Antique Weapon Boutique.
  7707 | D:6      | Reached skill level 5 in Poison Magic
  7855 | D:7      | Learned a level 4 spell: Olgreb's Toxic Radiance
  8262 | D:7      | Found a transporter.
  8275 | D:7      | Noticed an oklob plant
  8287 | D:7      | Found a transporter.
  8294 | D:7      | Noticed a deep elf pyromancer
  8301 | D:7      | Noticed a cyclops
  8321 | D:7      | Noticed BillyBaka's ghost (novice OgGl)
  8485 | D:7      | Found a burning altar of Makhleb.
  8493 | D:7      | Became a worshipper of Makhleb the Destroyer
  8682 | D:7      | Found a staircase to the Ecumenical Temple.
  8906 | D:8      | Reached skill level 5 in Fighting
  8907 | D:8      | Reached skill level 9 in Earth Magic
  8910 | D:8      | Reached XP level 10. HP: 38/59 MP: 4/17
  9040 | D:8      | Identified the +6 sling of Ghostly Blind Justice {heavy,
                  | *Corrode rC+ Dex+3}
  9194 | D:8      | Found a glowing silver altar of Zin.
  9952 | D:7      | Reached skill level 1 in Armour
  9952 | D:7      | Reached skill level 5 in Spellcasting
 10764 | D:9      | Found a hazy altar of Hepliaklqana.
 10806 | D:9      | Found a staircase to the Orcish Mines.
 10994 | D:9      | Found a radiant altar of Vehumet.
 11086 | D:9      | Found a broken altar of Ashenzari.
 11406 | D:9      | Found an ornate altar of the Wu Jian Council.
 11424 | D:9      | Reached skill level 10 in Earth Magic
 11424 | D:9      | Reached * piety under Makhleb
 11599 | D:10     | Entered Level 10 of the Dungeon
 11606 | D:10     | Found a staircase to the Lair.
 11637 | D:10     | Found Irisicis's Distillery.
 11694 | D:10     | Reached XP level 11. HP: 40/64 MP: 11/19
 11937 | D:10     | Found Ijaidergh's Magic Scroll Emporium.
 11940 | D:10     | Bought a scroll of blinking for 120 gold pieces
 11940 | D:10     | Bought a scroll of teleportation for 48 gold pieces
 11971 | D:10     | Found a white marble altar of Elyvilon.
 12046 | D:10     | Identified the +1 ring mail "Zyf Sosa" {Rampage}
 12171 | D:10     | Found a transporter.
 12240 | D:10     | Found Nucluown's Assorted Antiques.
 12338 | D:10     | Bought a potion of heal wounds for 50 gold pieces
 12418 | D:10     | Noticed rundlesten's ghost (journeyman MiBe)
 12419 | D:10     | Found a transporter.
 12809 | D:2      | Killed Crazy Yiuf
 12865 | D:3      | Killed cheesebisquit's ghost
 13203 | D:11     | Noticed a purple ugly thing
 13216 | D:11     | Killed a purple ugly thing
 13455 | D:11     | Reached skill level 1 in Invocations
 13581 | D:11     | Noticed a boulder beetle
 13593 | D:11     | Reached skill level 1 in Evocations
 13599 | D:11     | Killed a boulder beetle
 14204 | D:12     | Reached skill level 11 in Earth Magic
 14976 | D:12     | Noticed a wizard
 14986 | Abyss:3  | Cast into level 3 of the Abyss (a wizard)
 15092 | Abyss:3  | Found a corrupted altar of Lugonu.
 15095 | Abyss:3  | Noticed a white very ugly thing
 15128 | Abyss:3  | Killed a white very ugly thing
 15188 | Abyss:3  | Noticed a wretched star
 15198 | Abyss:3  | Found a corrupted altar of Lugonu.
 15207 | Abyss:3  | Noticed a wretched star
 15212 | Abyss:3  | Noticed a tentacled starspawn
 15223 | D:12     | Escaped the Abyss
 15367 | D:12     | Killed a wizard
 15368 | D:12     | Reached XP level 12. HP: 71/71 MP: 14/21
 15457 | D:12     | Learned a level 6 spell: Iron Shot
 15523 | D:13     | Found a basalt altar of Yredelemnul.
 15524 | D:13     | Noticed a boulder beetle
 15535 | D:13     | Killed a boulder beetle
 15545 | D:13     | Learned a level 3 spell: Ignite Poison
 15699 | D:13     | Noticed a tengu warrior
 15705 | D:13     | Killed a tengu warrior
 15712 | D:13     | Reached skill level 1 in Transmutations
 15726 | D:13     | Noticed a two-headed ogre
 15805 | D:13     | Killed a two-headed ogre
 15820 | D:13     | Reached skill level 1 in Fire Magic
 15836 | D:13     | Found a frozen archway.
 15843 | D:13     | Noticed an ice dragon
 15927 | D:13     | Reached skill level 10 in Conjurations
 15927 | D:13     | Reached skill level 12 in Earth Magic
 15946 | D:13     | Killed an ice dragon
 15951 | IceCv    | Entered an ice cave
 15956 | IceCv    | Reached ** piety under Makhleb
 16811 | IceCv    | Noticed a white draconian
 17045 | IceCv    | Killed a white draconian
 17169 | IceCv    | Got the Tome of Hypothermia
 17604 | D:13     | Noticed a death knight
 18010 | D:7      | Killed BillyBaka's ghost
 18030 | D:7      | HP: 1/73 [cyclops/large rock (29)]
 18199 | D:7      | Reached XP level 13. HP: 78/78 MP: 10/23
 18530 | Lair:1   | Entered Level 1 of the Lair of Beasts
 18797 | Lair:1   | Identified the ring "Athriom" {rF+ Will+ Str+3}
 19154 | Lair:1   | Reached skill level 13 in Earth Magic
 19165 | Lair:1   | Reached *** piety under Makhleb
 19319 | Lair:1   | Noticed wesleywilliam's ghost (journeyman MiBe)
 19344 | Lair:1   | Found a runed translucent door.
 19378 | Lair:1   | Noticed Joseph
 19388 | Lair:1   | Killed Joseph
 20573 | Lair:1   | Reached skill level 5 in Invocations
 21963 | Lair:3   | Found a dark tunnel.
 21971 | Volcano  | Entered a volcano
 21984 | Volcano  | Reached **** piety under Makhleb
 22268 | Volcano  | Gained mutation: Your large and strong wings let you fly.
                  | [Gargoyle growth]
 22268 | Volcano  | Reached XP level 14. HP: 84/84 MP: 5/25
 22710 | Lair:3   | Found a staircase to the Shoals.
 22718 | Lair:3   | Reached skill level 14 in Earth Magic
 22761 | Lair:3   | Found a staircase to the Snake Pit.
 23083 | Lair:4   | Reached skill level 5 in Evocations
 23776 | Lair:4   | Found a viscous altar of Jiyva.
 23777 | Lair:4   | Found a staircase to the Slime Pits.
 23906 | Lair:4   | Reached ***** piety under Makhleb
 24204 | Lair:5   | Entered Level 5 of the Lair of Beasts
 24724 | Lair:5   | Reached skill level 5 in Fire Magic
 25273 | Lair:5   | Identified the ring of Waecs {rPois rF+ Dex+4}
 25273 | Lair:5   | Noticed Josephine
 25280 | Lair:5   | Killed Josephine
 26030 | Lair:5   | Noticed a dire elephant
 26030 | Lair:5   | Noticed a dire elephant
 26030 | Lair:5   | Noticed a dire elephant
 26601 | Lair:5   | Reached XP level 15. HP: 91/91 MP: 9/27
 26879 | Lair:5   | Reached skill level 15 in Earth Magic
 27905 | Orc:1    | Entered Level 1 of the Orcish Mines
 27905 | Orc:1    | Noticed Harold
 27913 | Orc:1    | Killed Harold
 28094 | Orc:1    | Paralysed by a floating eye for 2 turns
 28280 | Orc:1    | Reached skill level 5 in Transmutations
 28487 | Orc:2    | Entered Level 2 of the Orcish Mines
 28784 | Orc:2    | Noticed Donald
 28802 | Orc:2    | Killed Donald
 29055 | Orc:2    | Found a staircase to the Elven Halls.
 29271 | Orc:2    | Reached ****** piety under Makhleb
 29525 | Orc:2    | Found Lafoheinea's Assorted Antiques.
 29525 | Orc:2    | Found Isyrad's Book Emporium.
 29527 | Orc:2    | Found Ipiceezi's Antique Weapon Boutique.
 29527 | Orc:2    | Found Everghadd's Assorted Antiques.
 29533 | Orc:2    | Bought a scroll of fear for 112 gold pieces
 29537 | Orc:2    | Bought a scroll of teleportation for 63 gold pieces
 29539 | Orc:2    | Bought a manual of Invocations for 1440 gold pieces
 29659 | Orc:1    | Reached skill level 10 in Fighting
 31926 | D:14     | Found a portal to a secret trove of treasure.
 31932 | D:14     | Reached skill level 16 in Earth Magic
 32055 | D:14     | Identified a scroll of acquirement
 32056 | D:14     | Acquired 1262 gold pieces
 32389 | D:2      | Bought a scroll of identify for 20 gold pieces
 32389 | D:2      | Bought a scroll of identify for 20 gold pieces
 32389 | D:2      | Bought a scroll of identify for 20 gold pieces
 32394 | D:2      | Bought a scroll of identify for 20 gold pieces
 33044 | D:14     | Reached XP level 16. HP: 98/98 MP: 14/29
 33208 | D:14     | Found a gate to the Vaults.
 33211 | D:14     | Identified the +9 plate armour of the Louse {*Slow rPois
                  | Str+3}
 33449 | D:14     | Reached skill level 1 in Shields
 33631 | D:14     | Identified the +2 scale mail of the Wild Haggis {rN+ rCorr
                  | Stlth+}
 34249 | D:15     | Entered Level 15 of the Dungeon
 34424 | D:15     | Noticed Louise
 34430 | D:15     | Killed Louise
 34480 | D:15     | Found a gate leading to a gauntlet.
 34488 | Gauntlet | Entered a Gauntlet
 34488 | Gauntlet | Found a transporter.
 34540 | Gauntlet | Found a transporter.
 34545 | Gauntlet | Found a transporter.
 34545 | Gauntlet | Found a transporter.
 34548 | Gauntlet | Found a transporter.
 34549 | Gauntlet | Found a transporter.
 34607 | Gauntlet | Found a transporter.
 34623 | Gauntlet | Found a transporter.
 34648 | Gauntlet | Found a transporter.
 34648 | Gauntlet | Found a transporter.
 34657 | Gauntlet | Found a transporter.
 34914 | Gauntlet | Identified the amulet of Secrets {Reflect rPois SH+5}
 35027 | Gauntlet | Identified the +4 pair of boots of Socah {rF- rN+++ MP-9
                  | Dex+3}
 35112 | Gauntlet | Identified the orb of Purpose {*channel, Str+2 Dex+3}
 35596 | D:15     | Noticed Agnes
 35601 | D:15     | Killed Agnes
 35982 | D:15     | Reached skill level 10 in Invocations
 36128 | D:15     | Noticed Rupert
 36137 | D:15     | Killed Rupert
 36617 | D:15     | Reached skill level 15 in Conjurations
 36685 | D:15     | Reached skill level 17 in Earth Magic
 37133 | D:15     | Found a staircase to the Depths.
 37382 | Orc:2    | Bought a book of Armaments for 648 gold pieces
 37391 | Orc:2    | Learned a level 8 spell: Lehudib's Crystal Spear
 37464 | D:10     | Bought a potion of mutation for 80 gold pieces
 37639 | Shoals:1 | Entered Level 1 of the Shoals
 37911 | Shoals:1 | Noticed Frances
 37925 | Lair:3   | Killed Frances
 38192 | Shoals:1 | Found Ihaur's Antique Armour Shoppe.
 38197 | Shoals:1 | Found Vurchenyd's General Store.
 38313 | Shoals:1 | Found Cuwejoeh's Distillery.
 38431 | Shoals:1 | Found a runed translucent door.
 38508 | Shoals:1 | Noticed AgateBread's ghost (adept TrFi)
 38672 | Shoals:1 | Learned a level 5 spell: Lee's Rapid Deconstruction
 38879 | Shoals:1 | Found Usur Aqu's Distillery.
 38893 | Shoals:1 | Found Toboag's Book Boutique.
 39050 | Shoals:1 | Bought a manual of Conjurations for 1120 gold pieces
 39249 | Shoals:1 | Reached XP level 17. HP: 104/104 MP: 15/30
 39575 | Shoals:1 | Killed AgateBread's ghost
 39777 | Shoals:2 | Noticed Ilsuiw
 39947 | Shoals:2 | Killed Ilsuiw
 40485 | Shoals:2 | Reached skill level 10 in Spellcasting
 40828 | Shoals:2 | Noticed a kraken
 40861 | Shoals:2 | Acquired the ring of Sif Muna's Outrage {rF- Will++ Int+6}
 42046 | Shoals:2 | Killed a kraken
 42113 | Shoals:3 | Reached skill level 5 in Shields
 42341 | Shoals:3 | Reached skill level 18 in Earth Magic
 42855 | Shoals:3 | Identified the +4 long sword "Anyhog" {elec, rElec rC-
                  | Int+4}
 43400 | Shoals:3 | Identified the +3 ring mail of the Griffon {Will++ Int-3
                  | Dex+3}
 43963 | Shoals:4 | Entered Level 4 of the Shoals
 44813 | Shoals:4 | Found the ring of the Hare {EV+10}
 45603 | Shoals:4 | Reached XP level 18. HP: 112/112 MP: 28/32
 46692 | Shoals:4 | Got a barnacled rune of Zot
 46996 | Snake:1  | Entered Level 1 of the Snake Pit
 47590 | Snake:1  | Reached skill level 19 in Earth Magic
 48602 | Snake:1  | Noticed Kirke
 48622 | Snake:1  | Killed Kirke
 49427 | Snake:2  | Found Dacuur's Assorted Antiques.
 49638 | Snake:2  | Noticed Mlioglotl
 49654 | Snake:2  | Killed Mlioglotl
 52782 | Snake:3  | Found an iron altar of Okawaru.
 52865 | Snake:3  | Found a transporter.
 52866 | Snake:3  | Found a transporter.
 52903 | Snake:3  | Noticed mif's ghost (journeyman MiBe)
 52904 | Snake:3  | Found a bloodstained altar of Trog.
 53027 | Snake:4  | Entered Level 4 of the Snake Pit
 53732 | Snake:4  | Reached XP level 19. HP: 118/118 MP: 17/34
 53913 | Snake:4  | Acquired a book of Fire
 54509 | Snake:4  | Noticed Vashnia
 54520 | Snake:4  | Killed Vashnia
 55129 | Snake:4  | Reached skill level 20 in Earth Magic
 55587 | Snake:4  | Got a serpentine rune of Zot
 56098 | Shoals:1 | Bought a transparent ring mail for 243 gold pieces
 56098 | Shoals:1 | Identified the +5 ring mail of Boigaw {rElec Regen+} (You
                  | bought it in a shop on level 1 of the Shoals)
 56098 | Shoals:1 | Bought a polished scale mail for 243 gold pieces
 56098 | Shoals:1 | Identified the +3 scale mail of Poklen {rCorr Dex+3} (You
                  | bought it in a shop on level 1 of the Shoals)
 56098 | Shoals:1 | Bought an encrusted scale mail for 243 gold pieces
 56098 | Shoals:1 | Identified the +5 scale mail of the Salamander {rPois rF+++
                  | rN++} (You bought it in a shop on level 1 of the Shoals)
 56339 | Elf:1    | Entered Level 1 of the Elven Halls
 56650 | Elf:1    | Found a runed translucent gate.
 56650 | Elf:1    | Found a runed translucent gate.
 56650 | Elf:1    | Found a runed translucent gate.
 56650 | Elf:1    | Found a runed translucent gate.
 56650 | Elf:1    | Found a runed translucent gate.
 56651 | Elf:1    | Found a runed translucent gate.
 56655 | Elf:1    | Identified the +2 helmet "Kimna" {Int+4}
 56939 | Elf:1    | Paralysed by an air elemental for 1 turns
 57598 | Elf:1    | Reached skill level 15 in Invocations
 57914 | Elf:1    | Found Urhuiwi's General Store.
 58161 | Elf:2    | Reached skill level 1 in Staves
 58333 | Elf:2    | Found a runed translucent gate.
 58333 | Elf:2    | Found a runed translucent gate.
 58333 | Elf:2    | Found a runed translucent gate.
 58399 | Elf:2    | Reached XP level 20. HP: 125/125 MP: 8/35
 58731 | Elf:2    | Paralysed by an air elemental for 1 turns
 58737 | Elf:2    | Paralysed by an air elemental for 1 turns
 58740 | Elf:2    | Paralysed by an air elemental for 1 turns
 59157 | Elf:2    | Reached skill level 21 in Earth Magic
 59198 | Elf:2    | Reached skill level 10 in Shields
 60074 | Elf:3    | Entered Level 3 of the Elven Halls
 61349 | Elf:3    | Paralysed by an air elemental for 1 turns
 61442 | Elf:3    | Identified the +0 troll leather armour of the Lobster
                  | {Drain rPois rF+++ Regen+ Slay+5}
 61482 | Elf:3    | Identified the ring "Guoxzad" {rPois rC- Str+4 Dex+5}
 62632 | Elf:3    | Identified the +5 sling "Perolun" {speed, rPois rF+ rC-
                  | Will+}
 62636 | Elf:3    | Identified the +4 shortbow of the Ring {drain, Contam rC+
                  | Will++}
 62665 | Elf:3    | Learned a level 2 spell: Blink
 62671 | Elf:3    | Learned a level 5 spell: Fireball
 62817 | Elf:3    | Got the Directory of Combustion and Attendants
 63225 | Depths:1 | Entered Level 1 of the Depths
 63231 | Depths:1 | Reached XP level 21. HP: 127/132 MP: 17/37
 63666 | Depths:1 | Found a gateway to Hell.
 63727 | Depths:1 | Found Vucuyr's Armour Shoppe.
 64661 | Depths:1 | Reached skill level 22 in Earth Magic
 64661 | Depths:1 | Reached skill level 10 in Poison Magic
 64828 | Depths:1 | Found a one-way gate leading to the halls of Pandemonium.
 65481 | Depths:1 | Reached skill level 5 in Staves
 65890 | Depths:1 | Noticed a golden dragon
 65917 | Depths:1 | Killed a golden dragon
 66146 | Depths:2 | Found a runed translucent door.
 66165 | Depths:2 | Noticed a golden dragon
 66176 | Depths:2 | Noticed a golden dragon
 66412 | Depths:2 | Found a one-way gateway to a ziggurat.
 66608 | Depths:2 | Noticed Asterion
 66619 | Depths:2 | Killed Asterion
 66806 | Depths:2 | Found a one-way gate to the infinite horrors of the Abyss.
 67011 | Depths:2 | Paralysed by a floating eye for 2 turns
 67022 | Depths:2 | Noticed a caustic shrike
 67027 | Depths:2 | Killed a caustic shrike
 67314 | Depths:2 | Got Sif Muna's Folio of the Sky
 67462 | Depths:2 | Reached skill level 5 in Armour
 67567 | Depths:2 | Identified the staff of poison "Burucidd" {rPois Will-
                  | Int-3 Dex+8 Stlth+}
 67582 | Depths:2 | Identified the staff of fire "Muwk" {Fly rF+ Int+5}
 68491 | Depths:1 | Killed a golden dragon
 68591 | Depths:1 | Killed a golden dragon
 69043 | Depths:3 | Found Zicvu's Assorted Antiques.
 69294 | Depths:3 | Found Veucvem's Weapon Shop.
 69448 | Depths:3 | Reached skill level 15 in Fighting
 69548 | Depths:3 | Reached XP level 22. HP: 140/140 MP: 2/39
 69723 | Depths:3 | Identified the amulet of the Evil One {Spirit Str-2 Int+5
                  | SInv}
 70082 | Depths:3 | Noticed a golden dragon
 71020 | Depths:3 | Reached skill level 23 in Earth Magic
 71116 | Depths:3 | Noticed a golden dragon
 71326 | Depths:3 | Killed a golden dragon
 71327 | Depths:3 | Reached skill level 5 in Dodging
 71735 | Depths:3 | Found Xajiutti's Antique Weapon Shop.
 72005 | Depths:3 | Found a shimmering blue altar of Sif Muna.
 72528 | Depths:3 | Identified the amulet "Ivar" {Faith +Blink rF+}
 72645 | Depths:3 | Found Zicvip's Antique Armour Emporium.
 72854 | Depths:3 | Killed a golden dragon
 73057 | Depths:4 | Entered Level 4 of the Depths
 73627 | Depths:4 | Noticed a golden dragon
 73628 | Depths:4 | Found a gate to the Realm of Zot.
 74167 | Depths:4 | Noticed Margery
 74196 | Depths:4 | Killed Margery
 74618 | D:14     | You paid a toll of a +7 demon blade to enter a treasure
                  | trove
 74619 | Trove    | Entered a treasure trove
 74624 | Trove    | Found the +3 pair of gauntlets of War {Slay+5}
 74626 | Trove    | Identified the scarf of Sitoosuo {repulsion, rF++}
 74631 | Trove    | Identified the +0 hat of Hedonism {Str+2}
 75297 | Depths:4 | Killed a golden dragon
 75642 | Depths:4 | Reached skill level 15 in Shields
 75736 | Depths:4 | Found a corrupted altar of Lugonu.
 76333 | Vaults:1 | Entered Level 1 of the Vaults
 76433 | Vaults:1 | Reached XP level 23. HP: 146/146 MP: 23/40
 77136 | Vaults:1 | Reached skill level 24 in Earth Magic
 79525 | Vaults:2 | Found a magical portal.
 79534 | WizLab   | Entered Lehudib's Moon Base
 81237 | WizLab   | Found a transporter.
 82145 | WizLab   | Found a transporter.
 82214 | WizLab   | Identified the ring of Veal {Int+6 Slay+3}
 82810 | WizLab   | Identified the ring of Elitism {rC+ Will+ SInv}
 82812 | WizLab   | Identified the +0 dagger "Vieditoo" {venom, rElec Str+4
                  | Int+2 Stlth+}
 83044 | Vaults:2 | Reached skill level 25 in Earth Magic
 83208 | Vaults:2 | Identified the +3 ring mail of the Sturgeon {rC+}
 83273 | Vaults:2 | Reached XP level 24. HP: 154/154 MP: 1/41
 83882 | Vaults:2 | Reached skill level 10 in Armour
 85617 | Vaults:3 | Found a staircase to the Crypt.
 87712 | Vaults:4 | Identified the +9 morningstar "Maheh" {holy, Contam Str+8}
 88161 | Vaults:4 | Noticed Xtahua
 88437 | Vaults:4 | Learned a level 9 spell: Shatter
 88551 | Vaults:4 | Killed Xtahua
 88725 | Vaults:4 | Reached skill level 15 in Spellcasting
 89305 | Vaults:4 | Acquired the +8 lajatang "Sumannag" {heavy, rElec}
 89306 | Vaults:4 | Acquired 373 gold pieces
 89827 | Slime:1  | Entered Level 1 of the Pits of Slime
 90685 | Slime:2  | Reached skill level 5 in Stealth
 91776 | Slime:3  | Reached XP level 25. HP: 161/161 MP: 7/42
 92624 | Slime:5  | Entered Level 5 of the Pits of Slime
 93692 | Slime:5  | Gained mutation: You are vulnerable to cold. (rC-) [a
                  | shining eye]
 94144 | Slime:5  | Noticed the Royal Jelly
 94153 | Slime:5  | Killed the Royal Jelly
 94740 | Slime:5  | Identified the amulet "Cotwub" {Reflect rCorr SH+5}
 94744 | Slime:5  | Identified the +1 shortbow of Codghuk {heavy, Int+2}
 94754 | Slime:5  | Got a slimy rune of Zot
 94776 | Slime:5  | Identified the +6 spear of Circularity {heavy, *Corrode rN+
                  | Will+}
 94779 | Slime:5  | Identified the +3 scimitar of Dust {protect, rPois}
 94790 | Slime:5  | Got the Discursus on Lethal Austromancy
 94820 | Slime:5  | Identified the +5 ring mail of the Lost Spirits {rPois
                  | Will+ rCorr Dex+5}
 94828 | Slime:5  | Identified the +7 scale mail of Mesecreps {Int-3 Dex+3
                  | Slay+4}
 94848 | Slime:5  | Identified the +3 shortbow of Arrival {flame, rPois Str+5}
 95595 | Vaults:5 | Entered Level 5 of the Vaults
 95644 | Vaults:5 | Noticed Boris
 95725 | Vaults:5 | Killed Boris
 95837 | Vaults:5 | Identified the +6 arbalest "Kuogid" {flame, Int+3}
 96203 | Vaults:4 | Reached skill level 10 in Dodging
 96926 | Vaults:5 | Noticed a dread lich
 96929 | Vaults:5 | Killed a dread lich
 96965 | Vaults:5 | Reached XP level 26. HP: 170/170 MP: 0/43
 97391 | Vaults:5 | Reached skill level 26 in Earth Magic
 97477 | Vaults:5 | Identified the ring "Piral" {Contam rN+ EV+5 SInv}
 98137 | Vaults:5 | Identified the +3 lajatang "Killer Bee's Curse" {freeze,
                  | *Rage rC+ Int+3}
 98529 | Vaults:5 | Got a silver rune of Zot
 99026 | Crypt:1  | Entered Level 1 of the Crypt
 99141 | Crypt:1  | Found a runed translucent gate.
 99141 | Crypt:1  | Found a runed translucent gate.
 99141 | Crypt:1  | Found a runed translucent gate.
 99220 | Crypt:1  | Found an ancient bone altar of Kikubaaqudgha.
 99221 | Crypt:1  | Noticed a dread lich
 99221 | Crypt:1  | Noticed an ancient lich
 99221 | Crypt:1  | Noticed a dread lich
 99222 | Crypt:1  | Noticed Voydouki's ghost (veteran MiGl)
 99385 | Crypt:1  | Reached skill level 1 in Axes
100050 | Crypt:1  | Noticed Bai Suzhen
100075 | Crypt:1  | Killed Bai Suzhen
101235 | Crypt:1  | Killed a dread lich
101235 | Crypt:1  | Killed an ancient lich
101236 | Crypt:1  | Killed a dread lich
101280 | Crypt:1  | Identified the amulet of the Scarab {Spirit Regen+}
101388 | Crypt:1  | Got Kikubaaqudgha's Thoughts on Stolen Souls
101394 | Crypt:1  | Identified the +1 helmet of Follow the Leader {rF++ Regen+
                  | Int+2}
101408 | Crypt:1  | Identified the ring "Leblim" {rCorr Str+3 Int-5 SInv}
103379 | Crypt:3  | Entered Level 3 of the Crypt
103589 | Crypt:3  | Found the +6 Majin-Bo {spellvamp, MP+6 Int+6}
104002 | Crypt:3  | Reached skill level 5 in Axes
104284 | Crypt:3  | Reached skill level 10 in Evocations
104673 | Crypt:3  | Noticed a dread lich
104673 | Crypt:3  | Noticed an ancient lich
104934 | Crypt:3  | Noticed a dread lich
104934 | Crypt:3  | Noticed a dread lich
104937 | Crypt:3  | Killed a dread lich
104937 | Crypt:3  | Killed a dread lich
104937 | Crypt:3  | Killed a dread lich
104938 | Crypt:3  | Killed an ancient lich
104939 | Crypt:3  | Reached XP level 27. HP: 177/177 MP: 16/43
105093 | Crypt:3  | Identified the +5 plate armour "Paassydy" {rC+ Str+5}
105180 | Crypt:3  | Found a staircase to the Tomb.
105644 | Zot:1    | Entered Level 1 of the Realm of Zot
105821 | Zot:1    | Noticed Vv
105952 | Zot:1    | Killed Vv
106540 | Zot:1    | Found a runed translucent door.
106540 | Zot:1    | Noticed cheesebisquit's ghost (master DjHW)
110227 | Zot:3    | Reached skill level 27 in Earth Magic
112887 | Zot:4    | Reached skill level 10 in Axes
113725 | Zot:4    | Noticed an orb of fire
114262 | Zot:4    | Killed an orb of fire
115107 | Zot:5    | Entered Level 5 of the Realm of Zot
116212 | Zot:5    | Noticed an orb of fire
116215 | Zot:5    | Gained mutation: You occasionally lose the ability to drink
                  | potions when taking damage. [an orb of fire]
116218 | Zot:5    | Killed an orb of fire
116273 | Zot:5    | Noticed a dread lich
116282 | Zot:5    | Killed a dread lich
116648 | Zot:5    | Noticed an ancient lich
116673 | Zot:5    | Killed an ancient lich
116683 | Zot:5    | Noticed an ancient lich
116817 | Zot:5    | Killed an ancient lich
116818 | Zot:5    | Noticed an orb of fire
116881 | Zot:5    | Gained mutation: Potions are less effective at restoring
                  | your health. [an orb of fire]
116883 | Zot:5    | Killed an orb of fire
116883 | Zot:5    | Noticed an orb of fire
116884 | Zot:5    | Gained mutation: Your body sometimes deteriorates upon
                  | taking damage. [an orb of fire]
116986 | Zot:5    | Gained mutation: You have hidden genetic defects. [an orb
                  | of fire]
116987 | Zot:5    | Killed an orb of fire
117938 | Zot:5    | Noticed an orb of fire
117942 | Zot:5    | Killed an orb of fire
117964 | Zot:5    | Lost mutation: Potions are less effective at restoring your
                  | health. [potion of mutation]
117964 | Zot:5    | Lost mutation: You have hidden genetic defects. [potion of
                  | mutation]
117964 | Zot:5    | Gained mutation: You occasionally shout uncontrollably at
                  | your foes. [potion of mutation]
117964 | Zot:5    | Lost mutation: You occasionally shout uncontrollably at
                  | your foes. [potion of mutation]
117964 | Zot:5    | Gained mutation: You have a pair of small antennae on your
                  | head. [potion of mutation]
117965 | Zot:5    | Lost mutation: You occasionally lose the ability to drink
                  | potions when taking damage. [potion of mutation]
117965 | Zot:5    | Lost mutation: You are vulnerable to cold. (rC-) [potion of
                  | mutation]
117965 | Zot:5    | Gained mutation: You are dopey. (Int -2) [potion of
                  | mutation]
117965 | Zot:5    | Gained mutation: You are clumsy. (Dex -2) [potion of
                  | mutation]
117977 | Zot:5    | Noticed a dread lich
118150 | Zot:5    | Killed a dread lich
118151 | Zot:5    | Noticed an orb of fire
118160 | Zot:5    | Killed an orb of fire
118163 | Zot:5    | Noticed an orb of fire
118588 | Zot:5    | Noticed an orb of fire
118594 | Zot:5    | Killed an orb of fire
118595 | Zot:5    | Reached skill level 1 in Translocations
118903 | Zot:5    | Noticed an orb of fire
118997 | Zot:5    | Killed an orb of fire
119133 | Zot:5    | Killed an orb of fire
119535 | Zot:5    | Noticed an ancient lich
119540 | Zot:5    | Killed an ancient lich
119871 | Zot:5    | Lost mutation: You are clumsy. (Dex -2) [potion of
                  | mutation]
119871 | Zot:5    | Lost mutation: You have a pair of small antennae on your
                  | head. [potion of mutation]
119871 | Zot:5    | Gained mutation: You are very dopey. (Int -4) [potion of
                  | mutation]
119871 | Zot:5    | Gained mutation: You possess an exceptional clarity of
                  | mind. [potion of mutation]
120357 | D:10     | Killed rundlesten's ghost
120787 | Lair:1   | Killed wesleywilliam's ghost
121241 | Snake:3  | Killed mif's ghost
121850 | D:3      | Bought a potion of haste for 140 gold pieces
121850 | D:3      | Bought 2 potions of cancellation for 224 gold pieces
121850 | D:3      | Bought a potion of magic for 112 gold pieces
122014 | D:10     | Bought a potion of heal wounds for 50 gold pieces
122014 | D:10     | Bought a potion of heal wounds for 50 gold pieces
122014 | D:10     | Bought a potion of brilliance for 40 gold pieces
122189 | Shoals:1 | Bought a potion of cancellation for 136 gold pieces
122189 | Shoals:1 | Bought a potion of curing for 51 gold pieces
122189 | Shoals:1 | Bought a potion of curing for 51 gold pieces
122189 | Shoals:1 | Bought a potion of curing for 51 gold pieces
122189 | Shoals:1 | Bought a potion of curing for 51 gold pieces
122189 | Shoals:1 | Bought a potion of haste for 170 gold pieces
122557 | Depths:2 | Voluntarily entered the Abyss.
123071 | Abyss:3  | Noticed an ancient lich
123155 | Abyss:4  | Killed an ancient lich
123262 | Abyss:4  | Reached skill level 10 in Stealth
123635 | Abyss:4  | Found a corrupted altar of Lugonu.
123701 | Abyss:4  | Got an abyssal rune of Zot
123768 | Abyss:4  | Found a corrupted altar of Lugonu.
123790 | Abyss:4  | Found a corrupted altar of Lugonu.
123891 | Abyss:4  | Found a corrupted altar of Lugonu.
123937 | Depths:2 | Escaped the Abyss
124244 | D:10     | Bought a phantom mirror for 1160 gold pieces
124250 | D:10     | Learned a level 5 spell: Irradiate
124448 | Pan      | Entered Pandemonium
125030 | Pan      | Lost mutation: You are very dopey. (Int -4) [a cacodemon]
125288 | Pan      | Noticed Dozxielu the pandemonium lord
125338 | Pan      | Reached skill level 5 in Translocations
125752 | Pan      | Killed Dozxielu the pandemonium lord
125955 | Pan      | Found an exit through the horrors of the Abyss.
126495 | Pan      | Got a demonic rune of Zot
127305 | Pan      | Reached skill level 15 in Axes
127709 | Pan      | Noticed Xienlow the pandemonium lord
128778 | Pan      | Noticed Huizock the pandemonium lord
128814 | Pan      | Gained mutation: You are clumsy. (Dex -2) [a cacodemon]
128821 | Pan      | Killed Huizock the pandemonium lord
129139 | Pan      | Found an exit through the horrors of the Abyss.
130135 | Pan      | Identified the scarf of Prudence {shadows, +Blink rPois rF+
                  | MP+9}
131088 | Pan      | Identified the +2 tower shield of the Solstice {rElec Will+
                  | Int+3}
131708 | Pan      | HP: 5/186 [daeva/divine providence (16)]
131708 | Pan      | Slain by an apis

Illustrated notes

Levels and vault maps discovered:
D:1:      nicolae_arrival_somewhat_less_tricky_arrival, layout_basic,
          serial_shops, shop
D:2:      cheibrodos_helix_gallery, layout_basic, serial_shops, shop,
          hellmonk_ecumenical_altar_crossroads, uniq_terence,
          uniq_crazy_yiuf_cottage
D:3:      layout_loops_ring, gammafunk_ghost_smash, serial_shops, shop
D:4:      minmay_chambers_of_threes, layout_cave_pools, trog_book,
          serial_co_window_serial, co_window_paths_b, co_window_paths_a,
          co_window_of_opportunity_a, co_window_of_opportunity_a,
          co_window_corner_a, co_window_paths_b, co_window_paths_a,
          co_window_broadway_c, co_window_corner_cb, co_window_corner_ca,
          co_window_corner_ca, co_window_paths_c, glass_columns_a,
          glass_columns_a, glass_columns_b
D:5:      layout_basic, led_sif_book
D:6:      wander_river, layout_loops_ring, lemuel_zombie_altar_kikubaaqudgha,
          mainiacjoe_overflow_cross_hatched, old_standard_altar,
          corexii_leaking_fountain, chequers_arboretum, kennysheep_windowed_goal
D:7:      layout_basic, makhleb_blood_cavern_becter,
          minmay_temple_entry_enclosed_plants, nzn_ghost_randoct
D:8:      layout_cave_pools, zin_statuary
D:9:      layout_irregular_city, nicolae_wu_jian_immortal_techniques,
          nicolae_hepliaklqana_hazy_memory, marbit_many_paths,
          old_standard_altar, chequers_serial_rivers_marsh
D:10:     layout_irregular_city, mainiacjoe_overflow_concentric_impassable,
          dpeg_oklobed_lair, serial_shops, kennysheep_mini, shop_statue,
          nicolae_shop_waterfront, gammafunk_ghost_arena
D:11:     layout_loops_ring
D:12:     layout_rooms, lightli_wizard_tower
D:13:     layout_irregular_city, portal_ice_cave_entry_animals_and_master,
          yredelemnul_altar_generic
D:14:     minmay_goldmine, layout_loops_ring, ximxim_vaults_locker_room,
          grunt_decor_resistance, nicolae_trove_entry_free_sample
D:15:     grunt_enter_depths_snipers, layout_loops_cross,
          minmay_misc_feat_hallway, gauntlet_entry_generic, uniq_rupert,
          uniq_agnes, uniq_louise
Lair:1:   layout_cave_pods, hellmonk_ghost_happy_afterlife,
          chequers_serial_rivers_room_a, cheibrodos_lair_caveside_slide,
          worms_lemuel, serial_bayou_shore_b, uniq_joseph
Lair:2:   layout_hall_layers, st_stairs_12
Lair:3:   layout_cellular_growth, elwin_shoals_entry_rooms, dummy_snake_entry,
          nicolae_volcano_entry_s_turn, minivault_11,
          nicolae_lair_grove_arrangements
Lair:4:   layout_roguey, slime_entry_1
Lair:5:   due_jungle_book, layout_regular_city, infiniplex_staircase_pool,
          grunt_megastairs_2, lemuel_fruit_tree, uniq_josephine
Shoals:1: layout_shoals, serial_shops, nicolae_shop_window_shopping, shop,
          nicolae_shop_industrial_runoff, nicolae_shop_tiny_statue_garden,
          ebering_ghost_inner_flame, nicolae_take_the_stairs, uniq_frances
Shoals:2: layout_shoals, uniq_ilsuiw
Shoals:3: layout_shoals, nicolae_shoals_lost_giant_pillars
Shoals:4: shoals_end_simple, layout_shoals
Snake:1:  layout_layer_cave, st_stairs_11, drop_trap, uniq_kirke
Snake:2:  layout_layer_cave, serial_shops, shop, uniq_mlioglotl
Snake:3:  layout_rooms, basic_altar, gammafunk_ghost_wrathful_warriors
Snake:4:  minmay_snake_end_coiled, layout_layer_cave, nicolae_snake_springs,
          uniq_vashnia
Slime:1:  layout_caves
Slime:2:  layout_caves
Slime:3:  layout_caves, nicolae_slime_crime_time
Slime:4:  layout_caves
Slime:5
Orc:1:    hellmonk_paralyzer, layout_caves, uniq_harold
Orc:2:    grunt_orc_tribal_feast, layout_diamond_mine, uniq_donald
Elf:1:    eino_elf_arrival_customs, layout_geoelf_diagonals, serial_shops, shop,
          orc_legates, serial_sigils_hangedman_quiver, roderic_three_in_a_row,
          minivault_28
Elf:2:    nicolae_elf_blades_crystal_corner, layout_geoelf_octagon
Elf:3:    minmay_elf_hall_x, layout_loops_corners,
          serial_sigils_hangedman_writhe, kilobyte_rumbling_trees
Vaults:1: v_misc_2, dpeg_vaults_monster_box, ontoclasm_vaults_hangar,
          nicolae_vaults_spaceships, nicolae_vaults_stairing_the_circle,
          st_diamondy, nicolae_vaults_more_shelving_1, vaults_room_grid,
          nicolae_vaults_closet_pinwheel_5, nicolae_vaults_trapezoid_layered,
          nicolae_vaults_house_3, layout_vaults_ring
Vaults:2: mu_enter_wizlab_5, nicolae_vaults_tetromino_T_2, vaults_room_hallway,
          nicolae_vaults_statue_guard, nicolae_vaults_house_3,
          nicolae_vaults_yaktaur_gun_rack, grunt_vaults_funnel,
          ontoclasm_vaults_gateway, nicolae_vaults_tetromino_T_2,
          layout_vaults_omnigrid
Vaults:3: nicolae_vaults_network_barrier, v_misc_4, hangedman_vaults_trim,
          nicolae_vaults_sealed_display, nicolae_vaults_closet_pinwheel_5,
          vaults_room_door_hall, minmay_crypt_entry_simple_statues,
          layout_vaults_big_room
Vaults:4: nicolae_vaults_wrenched, nicolae_vaults_variable_pillar_hall_cross,
          vaults_dpeg_ring, nicolae_vaults_storage_closets_2,
          nicolae_vaults_sightless_eye, v_alt_pattern_1, ontoclasm_vaults_shout,
          nicolae_vaults_offset_grid_hallway_4, nicolae_vaults_circle_grid_a,
          nicolae_vaults_trapezoid_layered, nicolae_vaults_closet_pinwheel_1,
          vaults_room_stairs_pillars, v_rooms_5, vaults_mumra_chevron,
          layout_vaults_maze, uniq_xtahua
Vaults:5: serial_shops, uniq_boris
Crypt:1:  hangedman_staggered_hall, layout_gridlike, gammafunk_ghost_crypt,
          uniq_bai_suzhen
Crypt:2:  layout_gridlike
Crypt:3:  david_glass_crypt, layout_rooms, tomb_entry_forgotten_bobbens
Depths:1: layout_forbidden_donut, serial_shops, shop,
          hangedman_abyss_or_decor_passed, grunt_pan_entry_spiral,
          grunt_hell_entry_dis_grunt, lemuel_flamethrower_3, grunt_megastairs_5,
          kennysheep_random_hallway, serial_bayou_shore_b
Depths:2: minmay_fractal_lines_corner, layout_cave_pools, enter_ziggurat_e,
          hellmouth_1, grunt_decor_mini_mirrors, rand_demon_pan_entry_5,
          abyss_entry, lightli_gold_pyramid, uniq_asterion
Depths:3: minmay_the_grid_octo_tiled_octocenter [minmay_the_grid_octo_clover,
          minmay_the_grid_octo_vomiting_pacman, minmay_the_grid_octo_pinwheel,
          minmay_the_grid_octo_toaster, minmay_the_grid_octo_prize_big_c,
          minmay_the_grid_square_5x5_trominoes, minmay_the_grid_square_5x5_two,
          minmay_the_grid_square_5x5_comb, minmay_the_grid_square_5x5_shrine1],
          layout_twisted_cross, serial_shops, shop_statue,
          nicolae_shop_tiny_waterfront, shop_fountains,
          nicolae_shop_rolling_square, marbit_kobold_abyss_entry,
          lightli_too_deep
Depths:4: evilmike_zot_entry_argh, layout_cave_pools,
          hangedman_decor_clover_reticule, pf_coc_iceberg,
          abyss_entry_flame_altar, pan_entry, uniq_margery
Zot:1:    layout_gridville, hellmonk_ghost_big_iron, skrybe_zot_glass_3, uniq_vv
Zot:2:    layout_gridlike, hangedman_spider_trapstep
Zot:3:    layout_basic
Zot:4:    layout_twisted_circle, hangedman_player_shredder
Zot:5:    layout_gridlike
Pan:      evilmike_mini_pan_possible_glass, layout_small_grid,
          evilmike_mini_pan_pillars, layout_basic, pan_blood_fountain_small,
          pan_blood_fountain, regret_index_pan_draining_boxed, layout_gridville,
          rand_demon_1, layout_small_grid, evilmike_mini_pan_rooms,
          layout_cellular_growth, nicolae_pan_glass_arcs,
          layout_cellular_growth, grunt_pan_frozen_over, layout_pan_divisions_a
          [pan_division_quadrant_a3, pan_division_quadrant_a6,
          pan_division_quadrant_a4, pan_division_quadrant_a3,
          pan_division_octagon_halves], evilmike_holy_pan

Skill      XL: |  1  2  3  4  5  6  7  8  9 10 11 12 13 14 15 16 17 18 19 20 21 22 23 24 25 26 27 |
---------------+----------------------------------------------------------------------------------+-----
Earth Magic    | 4 5 6 7 9 10 11 12 13 14 16 17 18 19 20 21 22 23 25 26 27 | 27.0
Fighting       | 1 2 3 4 5 6 7 8 9 10 11 12 13 14 15 16 17 18 19 22 | 22.4
Stealth        | 3 4 5 8 9 12 | 12.8
Conjurations   | 1 2 3 5 6 8 9 10 11 13 14 15 17 19 20 21 | 21.8
Poison Magic   | 1 2 4 5 7 9 10 | 10.0
Spellcasting   | 3 4 5 6 7 8 9 10 11 12 13 14 15 16 19 | 19.4
Air Magic      | 1 2 |  2.0
Armour         | 2 4 5 7 9 11 12 | 12.8
Dodging        | 2 3 4 6 7 8 10 | 10.3
Invocations    | 2 4 5 6 8 10 12 13 15 16 18 | 18.5
Evocations     | 2 3 4 5 6 7 8 10 | 10.0
Transmutations | 2 3 4 5 |  5.2
Fire Magic     | 2 4 5 6 8 |  8.0
Shields        | 4 6 7 9 11 13 15 | 15.0
Staves         | 1 4 6 |  6.0
Axes           | 6 16 | 16.1
Translocations | 6 |  6.0

Action                     |  1- 3 |  4- 6 |  7- 9 | 10-12 | 13-15 | 16-18 | 19-21 | 22-24 | 25-27 || total
---------------------------+-------+-------+-------+-------+-------+-------+-------+-------+-------++-------
  Melee: Dagger            |    15 |    26 |    61 |   115 |    11 |       |       |       |       ||   228
         Punch             |       |       |       |     1 |     2 |     2 |       |       |       ||     5
         Staff             |       |       |       |       |   205 |   141 |   197 |   652 |   133 ||  1328
         Unarmed           |       |       |       |       |       |    12 |       |       |       ||    12
         Broad axe         |       |       |       |       |       |       |       |       |  2316 ||  2316
   Cast: Sandblast         |    36 |    93 |   115 |   250 |   431 |   594 |   419 |   184 |    80 ||  2202
         Stone Arrow       |       |       |    61 |   137 |   238 |    79 |    23 |    54 |    25 ||   617
         Poisonous Vapours |       |       |       |    10 |     4 |     5 |       |       |       ||    19
         Olgreb's Toxic Ra |       |       |       |     8 |    52 |    93 |    46 |    65 |    18 ||   282
         Iron Shot         |       |       |       |       |    10 |   208 |   302 |   497 |   865 ||  1882
         Ignite Poison     |       |       |       |       |    26 |    72 |    43 |    56 |    15 ||   212
         Lee's Rapid Decon |       |       |       |       |       |     3 |       |     9 |    12 ||    24
         Lehudib's Crystal |       |       |       |       |       |       |       |    22 |   146 ||   168
         Shatter           |       |       |       |       |       |       |       |     1 |    38 ||    39
         Fireball          |       |       |       |       |       |       |       |       |     7 ||     7
         Irradiate         |       |       |       |       |       |       |       |       |     3 ||     3
 Invoke: Lesser Servant of |       |       |       |       |     1 |       |       |       |       ||     1
         Greater Servant o |       |       |       |       |       |     1 |     2 |       |     9 ||    12
Ability: Evoke Blink       |       |       |       |     5 |     6 |     1 |     4 |     3 |     5 ||    24
  Evoke: Wand              |       |       |       |    14 |    15 |    17 |    10 |    16 |    10 ||    82
         Lightning rod     |       |       |       |       |       |       |     2 |     4 |     8 ||    14
    Use: Scroll            |     1 |     4 |     1 |    13 |    18 |    11 |     4 |     4 |    29 ||    85
         Potion            |       |       |     2 |    13 |       |     3 |     3 |     4 |    51 ||    76
   Stab: Fleeing           |       |       |       |       |     1 |       |       |       |       ||     1
         Distracted        |       |       |       |       |       |       |       |       |    14 ||    14
         Sleeping          |       |       |       |       |       |       |       |       |     1 ||     1
 Armour: Robe              |    12 |    26 |    55 |    98 |       |       |       |       |       ||   191
         Troll leather arm |       |       |       |   183 |   621 |    13 |       |       |       ||   817
         Scale mail        |       |       |       |       |       |   779 |   377 |   465 |  2408 ||  4029
  Dodge: Dodged            |    18 |    35 |    96 |   277 |   547 |   865 |   489 |   668 |  2044 ||  5039
         Repelled          |       |       |       |       |       |       |       |    11 |    69 ||    80
  Block: Kite shield       |       |       |       |       |       |    89 |   582 |   934 |  3286 ||  4891
         Reflection        |       |       |       |       |       |    12 |    78 |    45 |    57 ||   192
